 Dungeon Crawl Stone Soup version 0.19-a0-1895-g783e625 (webtiles) character file.

23 dobroeutro the Bolt Thrower (level 3, -1/22 HPs)
             Began as a Kobold Hunter on Oct 19, 2016.
             Slain by a hobgoblin
             ... wielding a +0 club
              (4 damage)
             ... on level 1 of the Dungeon.
             The game lasted 00:01:09 (484 turns).

dobroeutro the Bolt Thrower (Kobold Hunter)          Turns: 484, Time: 00:01:09

Health: -1/22      AC:  3    Str: 10    XL:     3   Next: 10%
Magic:  3/3        EV: 14    Int: 12    God:
Gold:   60         SH:  0    Dex: 15    Spells: 0 memorised, 2 levels left

rFire  . . .     SeeInvis .     b - +0 short sword
rCold  . . .     Gourm    .     c - +0 leather armour
rNeg   . . .     Faith    .     (shield restricted)
rPois  .         Spirit   .     (no helmet)
rElec  .         Reflect  .     (no cloak)
rCorr  .         Harm     .     (no gloves)
MR     .....                    (no boots)
Stlth  ++........               (no amulet)
                                (no ring)
                                (no ring)

@: no status effects
A: carnivore 3
a: no special abilities


You were on level 1 of the Dungeon.
You were not hungry.

You visited 1 branch of the dungeon, and saw 2 of its levels.

You collected 60 gold pieces.

Inventory:

Hand Weapons
 a - a +1 hand crossbow
 b - a +0 short sword (weapon)
Missiles
 d - 20 bolts
Armour
 c - a +0 leather armour (worn)
 p - a +0 shield
Scrolls
 e - 2 scrolls of teleportation {unknown}
 g - a scroll of fear {unknown}
 j - 3 scrolls of remove curse {unknown}
 l - a scroll of amnesia {unknown}
 o - a scroll of identify {unknown}
Potions
 i - 3 potions of curing {unknown}
 k - a potion of cancellation {unknown}
 m - a potion of lignification {unknown}
 n - a potion of cure mutation {unknown}
Comestibles
 f - 2 meat rations
 h - a beef jerky


   Skills:
 + Level 2.6 Fighting
 * Level 2.0 Short Blades
 + Level 5.1 Crossbows
 - Level 2.4 Dodging
 - Level 1.3 Stealth


You had 2 spell levels left.
You didn't know any spells.

Dungeon Overview and Level Annotations

Branches:
Dungeon (2/15)

Altars:
Qazlal


Innate Abilities, Weirdness & Mutations

You are small and have problems with some larger weapons.
You are carnivorous and can eat meat at any time.


Message History

* * * LOW HITPOINT WARNING * * *
You are too injured to fight recklessly!
You are too injured to fight recklessly!
You are too injured to fight recklessly!
You are too injured to fight recklessly!
You are too injured to fight recklessly!
You are too injured to fight recklessly!
The kobold throws a stone.
The stone hits you but does no damage.
You see here 2 stones.
The rat misses you. The kobold misses you. The kobold barely misses you.
There is a stone staircase leading up here.
The rat barely misses you.
The hobgoblin hits you but does no damage.
The kobold barely misses you.
You climb upwards.
There is a stone staircase leading down here.
The hobgoblin hits you with a club.
You die...

.......#..................#######
.#####...................#.......
.#†#.#..................##..)....
.#...).#..............#.##.......
.#.#.#...#............#.##.......
.#####...#............#.##...†.##
...............K......>....#####
...............gr........###
.....##.........@.......##
........................#
..#.##..................#
...................†....#
###<>############.......#
................#.......#
#......##..##...#.......#
................#.#.#...#
#......######...#.#....##


You could see a hobgoblin, a kobold and a rat.

Vanquished Creatures
  A dart slug (D:2)
  2 leopard geckos
  2 bats
  2 giant cockroaches (D:1)
  A goblin (D:2)
  5 kobolds (D:1)
  A ball python (D:1)
  5 rats
19 creatures vanquished.

Notes
Turn   | Place    | Note
-------+----------+-------------------------------------------
     0 | D:1      | dobroeutro the Kobold Hunter began the quest for the Orb.
     0 | D:1      | Reached XP level 1. HP: 12/12 MP: 1/1
    18 | D:1      | Reached skill level 1 in Short Blades
    57 | D:1      | Reached skill level 5 in Crossbows
   112 | D:1      | Reached XP level 2. HP: 17/17 MP: 2/2
   368 | D:2      | Found a stormy altar of Qazlal.
   426 | D:2      | Reached XP level 3. HP: 9/22 MP: 3/3
   484 | D:1      | Slain by a hobgoblin

Vault maps used:
D:1:      dpeg_arrival_line_fractal, minmay_split_cup_small
D:2:      nicolae_qazlal_general_emergency, uniq_sigmund

Skill      XL: |  1  2 |
---------------+-------+-----
Short Blades   | 1 2 |  2.0
Crossbows      | 5 |  5.1
Fighting       | |  2.6
Dodging        | |  2.4
Stealth        | |  1.3

Action                   || total
-------------------------++-------
Melee: Short sword       ||    67
Armor: Leather armour    ||    14
Dodge: Dodged            ||    67
